 Dungeon Crawl Stone Soup version 0.28-b1-25-g9875b3f (webtiles) character file.

Game seed: 4952347193900137416

2695 Host24 the Quickloader (level 9, -13/60 HPs)
             Began as a Kobold Hunter on Jan 31, 2022.
             Was a Follower of Okawaru.
             Killed by divine providence
             ... invoked by an orc priest
              (14 damage)
             ... on level 7 of the Dungeon.
             The game lasted 00:34:10 (8917 turns).

Host24 the Quickloader (Kobold Hunter)              Turns: 8917, Time: 00:34:11

Health: -13/60     AC: 12    Str: 10 (11) XL:     9   Next: 96%
Magic:  0/11       EV: 16    Int: 12 (13) God:    Okawaru [*.....]
Gold:   326        SH:  0    Dex: 14 (17) Spells: 8/8 levels left

rFire   + . .      SeeInvis .   P - +6 war axe of the Median {drain, Fragile rC++ rN+ rCorr}
rCold   + + +      Faith    .   (no shield)
rNeg    + . .      Spirit   +   x - +0 leather armour
rPois   .          Reflect  .   c - +0 helmet
rElec   .          Harm     .   m - +0 cloak
rCorr   +          Rampage  .   p - +0 pair of gloves
Will    .....                   (no boots)
Stlth   ++++......              h - amulet of guardian spirit
HPRegen 0.20/turn               z - +4 ring of protection
MPRegen 0.12/turn               E - ring of protection from fire

@: marked
A: small, no large weapons, nightstalker 3, iridescent scales 1, cold resistance
1, robust 1
a: Renounce Religion, Heroism


You were on level 7 of the Dungeon.
You worshipped Okawaru.
Okawaru was aware of your devotion.
You visited 2 branches of the dungeon, and saw 8 of its levels.

You collected 326 gold pieces.

Inventory:

Hand Weapons
 a - a +2 hand crossbow
 y - a +4 dagger of speed
 F - a +0 hunting sling
 N - a +1 falchion of freezing
 P - the +6 war axe of the Median (weapon) {drain, Fragile rC++ rN+ rCorr}
   (You found it on level 7 of the Dungeon)

   A truly terrible weapon, it drains the life of any living foe it strikes.
   rC:        It greatly protects you from cold.
   rN:        It protects you from negative energy.
   rCorr:     It protects you from acid and corrosion.
   Fragile:   It will be destroyed if unequipped.
Missiles
 d - 13 bolts
 e - 210 stones (quivered)
 g - 5 atropa-tipped darts
 i - 12 sling bullets
 j - 156 arrows
 q - 12 poisoned darts
 A - 3 boomerangs
 K - 4 curare-tipped darts
Armour
 c - a +0 helmet (worn)
 m - a +0 cloak (worn)
 p - a +0 pair of gloves (worn)
 w - +0 fire dragon scales
 x - a +0 leather armour (worn)
 H - an orb of guile
Jewellery
 h - an amulet of guardian spirit (around neck)
 z - a +4 ring of protection (left hand)
 E - a ring of protection from fire (right hand)
 M - an amulet of faith
Wands
 l - a wand of polymorph (11)
Scrolls
 t - a scroll of magic mapping
 O - a scroll of holy word
Potions
 b - a potion of attraction


   Skills:
 - Level 6.1 Fighting
 - Level 11.1 Crossbows
 - Level 3.0 Armour
 - Level 6.0 Dodging
 - Level 5.2 Stealth
 + Level 3.2 Invocations
 - Level 3.0 Evocations


You had 8 spell levels left.
You didn't know any spells.
Your spell library contained the following spells:

 Spells                   Type           Power      Damage    Failure   Level
 Sublimation of Blood     Necr           0%         N/A       54%         2
 Wereblood                Tmut           0%         N/A       54%         2
 Storm Form               Tmut/Air       0%         N/A       100%        7
 Maxwell's Capacitive Co  Air            0%         ∞         100%        8
 Animate Dead             Necr           Unusable   N/A       N/A         4
 Summon Lightning Spire   Summ/Air       Unusable   N/A       N/A         4
 Haunt                    Necr/Summ      Unusable   N/A       N/A         7
 Summon Hydra             Summ           Unusable   N/A       N/A         7
 Infestation              Necr           Unusable   N/A       N/A         8

Dungeon Overview and Level Annotations

Branches:
Dungeon (7/15)             Temple (1/1) D:6

Altars:
Ashenzari
Cheibriados
Dithmenos
Fedhas
Gozag
Hepliaklqana
Kikubaaqudgha
Makhleb
Nemelex Xobeh
Okawaru
Qazlal
Ru
Sif Muna
Trog
Uskayaw
Wu Jian
Xom
The Shining One

Annotations:
D:7 Harold, Joseph


Innate Abilities, Weirdness & Mutations

You are small and have problems with some larger weapons.
You are completely attuned to the shadows.
You are partially covered in iridescent scales. (AC +2)
Your flesh is cold resistant. (rC+)
You are robust. (+10% HP)


Message History

You completely miss the black bear.
The black bear is moderately wounded.
You hit the orc. You barely miss Joseph.
The orc seems to regain its courage.
The orc warrior barely misses you. The orc misses you.
A goblin comes into view. It is wielding a +0 spear.
The black bear bites you but does no damage.
The black bear misses you.
The black bear claws you but does no damage.
Joseph hits you with a +0 quarterstaff!
* * * LOW HITPOINT WARNING * * *
The orc priest casts a cantrip, but nothing happens.
The orc barely misses you. The orc warrior closely misses you.
You're too confused to move!
The black bear barely misses you. The black bear misses you.
The black bear completely misses you. Joseph completely misses you.
The orc misses you.
A goblin comes into view. It is wielding a +0 spear.
The orc warrior hits you from afar with a +0 halberd.
Unknown command.
You're too confused to move!
You feel less invigorated.
You feel less confused.
Your resistance to elements expires.
The black bear bites you but does no damage.
The black bear completely misses you. The black bear barely misses you.
Joseph hits you but does no damage. The orc closely misses you.
The orc warrior hits you from afar with a +0 halberd!
* * * LOW HITPOINT WARNING * * *
You closely miss the black bear.
The black bear is moderately wounded.
You hit Joseph. You slash the orc!
You kill the orc!
Okawaru accepts your kill.
The black bear misses you. x2; The black bear barely misses you.
Joseph hits you with a +0 quarterstaff!
* * * LOW HITPOINT WARNING * * *
An orc comes into view. It is wielding a +0 falchion.
The orc priest looks satisfied for a moment.
The orc warrior hits you from afar with a +0 halberd!
* * * LOW HITPOINT WARNING * * *
The orc priest invokes the aid of Beogh against you.
Beogh smites you!
You die...

.....#* #..#,,,,,,,#.....,,,*
...<..# #..#########.....,,,,
......# #...@o..).)..(#*,,**,
......# #§#####.)##...#******
......# #.# ##o#######
......## #.####.## *****
.......# #..ooo##***,,,*
.....o.# ####ho#**,,,,,**
.......# ##@##,,,,,,,,*
......o#### ##@##,,,,,,,^,*
..##......####oo#.,,,,,,,,,*
#######......ogg..o,,,,,,,,*
####.....og#....,,,,,,,,*
####.......#..#....,,,,,,,,**
#...........#(.#...,,,,,,,,,*
.<..........#..#,,,,,,,,,,,,*
................,,,,,,,,,,,,*


You could see Joseph, 2 orc warriors, a black bear, 3 orc priests, 4 orcs and 3
goblins.

Vanquished Creatures
  Eustachio (D:6)
  A steam dragon (D:6)
  Menkaure (D:6)
  A water moccasin (D:6)
  A sky beast (D:6)
  2 black bears (D:5)
  A necrophage (D:5)
  An ogre (D:5)
  A lemure (D:6)
  A phantom (D:5)
  A kobold brigand (D:6)
  A wyvern zombie (D:6)
  2 bullfrogs (D:6)
  Blork the orc (D:6)
  7 scorpions
  2 wyvern skeletons (D:6)
  A howler monkey (D:6)
  A centaur zombie (D:6)
  An iron imp (D:3)
  3 orc priests
  A jelly (D:5)
  2 centaur skeletons
  3 bullfrog skeletons
  4 hounds
  2 scorpion zombies (D:5)
  An iguana (D:4)
  3 orc wizards
  7 gnolls
  8 adders
  A white imp (D:5)
  An adder skeleton (D:5)
  A worm (D:4)
  3 dart slugs
  16 orcs
  11 bats
  6 endoplasms
  A giant cockroach (D:2)
  7 goblins
  7 hobgoblins
  4 jackals (D:1)
  A quokka (D:1)
  6 ball pythons
  2 frilled lizards
  7 kobolds
  4 rats
140 creatures vanquished.

Vanquished Creatures (others)
  A kobold (D:6)
1 creature vanquished.

Grand Total: 141 creatures vanquished

Notes
Turn   | Place    | Note
-------+----------+-------------------------------------------
     0 | D:1      | Host24 the Kobold Hunter began the quest for the Orb.
     0 | D:1      | Reached XP level 1. HP: 12/12 MP: 1/1
    62 | D:1      | Reached skill level 5 in Crossbows
   226 | D:1      | Reached XP level 2. HP: 16/18 MP: 2/2
   576 | D:1      | Found a faded altar of an unknown god.
   585 | D:1      | Reached XP level 3. HP: 8/23 MP: 0/3
  1748 | D:2      | Reached XP level 4. HP: 28/28 MP: 4/4
  2217 | D:3      | Reached skill level 6 in Crossbows
  2571 | D:3      | Found an ornate altar of the Wu Jian Council.
  2589 | D:3      | Noticed a spectral centipede
  2589 | D:3      | Noticed a spectral black mamba
  2589 | D:3      | Noticed a spectral cane toad
  2669 | D:3      | Reached XP level 5. HP: 30/32 MP: 5/5
  3050 | D:3      | Found a snail-covered altar of Cheibriados.
  3057 | D:3      | Reached skill level 7 in Crossbows
  3269 | D:3      | Reached XP level 6. HP: 35/37 MP: 6/6
  3774 | D:4      | Reached skill level 8 in Crossbows
  4623 | D:4      | Reached XP level 7. HP: 40/41 MP: 7/7
  4800 | D:5      | Entered Level 5 of the Dungeon
  4840 | D:5      | Reached skill level 9 in Crossbows
  4990 | D:5      | Reached skill level 10 in Crossbows
  5293 | D:5      | Reached skill level 1 in Armour
  5317 | D:5      | Reached XP level 8. HP: 43/46 MP: 8/8
  5882 | D:5      | Found a burning altar of Makhleb.
  6324 | D:5      | Reached skill level 5 in Fighting
  6619 | D:5      | Reached XP level 9. HP: 55/55 MP: 9/9
  6708 | D:6      | Noticed Blork the orc
  6716 | D:6      | Killed Blork the orc
  6717 | D:6      | Reached skill level 5 in Dodging
  6779 | D:6      | Reached skill level 1 in Evocations
  6950 | D:6      | Found a staircase to the Ecumenical Temple.
  6951 | D:6      | Noticed Menkaure
  6961 | D:6      | Killed Menkaure
  6969 | Temple   | Entered the Ecumenical Temple
  7403 | Temple   | Became a worshipper of Warmaster Okawaru
  7543 | D:6      | Reached skill level 5 in Stealth
  8042 | D:6      | Reached * piety under Okawaru
  8161 | D:6      | Reached skill level 11 in Crossbows
  8300 | D:6      | Noticed Eustachio
  8397 | D:6      | Killed Eustachio
  8789 | D:7      | Identified the +6 war axe of the Median {drain, Fragile
                  | rC++ rN+ rCorr}
  8793 | D:7      | Noticed Joseph
  8826 | D:7      | Noticed Harold
  8840 | D:7      | Gained mutation: Your mind is acute. (Int +2) [potion of
                  | mutation]
  8840 | D:7      | Gained mutation: You expend magic power (3 MP) to
                  | strengthen your wands. [potion of mutation]
  8840 | D:7      | Gained mutation: You are clumsy. (Dex -2) [potion of
                  | mutation]
  8840 | D:7      | Gained mutation: You possess an exceptional clarity of
                  | mind. [potion of mutation]
  8909 | D:7      | Lost mutation: Your mind is acute. (Int +2) [potion of
                  | mutation]
  8909 | D:7      | Lost mutation: You possess an exceptional clarity of mind.
                  | [potion of mutation]
  8909 | D:7      | Lost mutation: You expend magic power (3 MP) to strengthen
                  | your wands. [potion of mutation]
  8909 | D:7      | Gained mutation: You have hidden genetic defects. [potion
                  | of mutation]
  8910 | D:7      | Lost mutation: You are clumsy. (Dex -2) [potion of
                  | mutation]
  8910 | D:7      | Lost mutation: You have hidden genetic defects. [potion of
                  | mutation]
  8910 | D:7      | Gained mutation: You are robust. (+10% HP) [potion of
                  | mutation]
  8910 | D:7      | Gained mutation: You are partially covered in iridescent
                  | scales. (AC +2) [potion of mutation]
  8910 | D:7      | Gained mutation: Your flesh is cold resistant. (rC+)
                  | [potion of mutation]
  8917 | D:7      | HP: 1/60 [orc warrior (5)]
  8917 | D:7      | Killed from afar by an orc priest

Illustrated notes

Levels and vault maps discovered:
D:1:      zaba_arrival_water, layout_rooms, hellmonk_ecumenical_altar_dog_temple
D:2:      layout_loops_ring, minmay_door_square
D:3:      minmay_diamond_boxcup, layout_loops_corners, slow_altar_2,
          pdpol_wu_jian_five_deadly_venoms
D:4:      layout_gridville
D:5:      layout_basic, lightli_temple_of_fire, minmay_pentangle
D:6:      kennysheep_six_static_rooms, layout_loops_ring,
          minmay_temple_entry_slanted, uniq_blork_the_orc, uniq_pikel,
          uniq_menkaure, uniq_eustachio
D:7:      layout_cave_pods, vehumet_statue, overflow_temple_1_default,
          enter_bailey_3, uniq_harold, uniq_joseph, uniq_duvessa
Temple:   regret_index_temple_generic_petals

Skill      XL: |  1  2  3  4  5  6  7  8  9 |
---------------+----------------------------+-----
Crossbows      | 5 6 7 8 10 11 | 11.1
Fighting       | 3 6 |  6.1
Dodging        | 3 4 6 |  6.0
Stealth        | 2 5 |  5.2
Armour         | 1 3 |  3.0
Evocations     | 3 |  3.0
Invocations    | 3 |  3.2

Action                   |  1- 3 |  4- 6 |  7- 9 || total
-------------------------+-------+-------+-------++-------
Melee: Short sword       |    79 |   118 |       ||   197
       Punch             |       |     3 |     4 ||     7
       Dagger            |       |     9 |   290 ||   299
       War axe           |       |       |     4 ||     4
 Fire: Hand crossbow     |    12 |    67 |   182 ||   261
Throw: Stone             |       |     2 |       ||     2
  Use: Potion            |       |       |    13 ||    13
       Scroll            |       |       |    11 ||    11
 Stab: Sleeping          |     7 |     8 |     3 ||    18
       Distracted        |     1 |       |       ||     1
Armor: Leather armour    |    21 |    31 |    33 ||    85
       Fire dragon scale |       |     5 |   148 ||   153
       Skin              |       |       |    31 ||    31
Dodge: Dodged            |    77 |   114 |   298 ||   489
